 Dungeon Crawl Stone Soup version 0.20-a0-1058-g0491fde (webtiles) character file.

1570 Gorglomux the Destroyer (level 8, -2/41 HPs)
             Began as a Tengu Fire Elementalist on Apr 26, 2017.
             Was a Follower of Cheibriados.
             Slain by Pikel
             ... wielding a +0 whip of electrocution
              (20 damage)
             ... on level 7 of the Dungeon.
             The game lasted 00:09:52 (7087 turns).

Gorglomux the Destroyer (Tengu Fire Elementalist)   Turns: 7087, Time: 00:09:53

Health: -2/41      AC:  3    Str: 12    XL:     8   Next: 90%
Magic:  1/21       EV: 13    Int: 21    God:    Cheibriados [*.....]
Gold:   281        SH:  5    Dex: 17    Spells: 2/11 levels left

rFire    . . .     SeeInvis .   y - +0 hand axe (chop)
rCold    . . .     Gourm    .   (no shield)
rNeg     . . .     Faith    .   a - +0 robe
rPois    .         Spirit   .   w - +2 hat
rElec    .         Reflect  +   D - +0 cloak
rCorr    .         Harm     .   (no gloves)
MR       .....                  (boots unavailable)
Stlth    ++........             x - +5 amulet of reflection
Regen    0.2/turn               q - -2 ring of protection (curse)
MPRegen  0.2/turn               E - ring of magical power {MP+9}

@: very slow
A: beak, talons 3, able to fly 1
a: Fly, Bend Time, Renounce Religion


You were on level 7 of the Dungeon.
You worshipped Cheibriados.
Cheibriados was aware of your devotion.
You were hungry.

You visited 2 branches of the dungeon, and saw 8 of its levels.

You collected 281 gold pieces.

Inventory:

Hand Weapons
 e - a +0 dagger
   (You found it on level 1 of the Dungeon)
 h - a +0 whip
   (You found it on level 1 of the Dungeon)
 y - a +0 hand axe of chopping (weapon)
   (You found it on level 4 of the Dungeon)
Armour
 a - a +0 robe (worn)
 w - a +2 hat (worn)
   (You found it on level 3 of the Dungeon)
 D - a +0 cloak (worn)
   (You found it on level 5 of the Dungeon)
Magical Staves
 L - an uncursed staff of summoning {!a}
   (You found it on level 6 of the Dungeon)
Jewellery
 q - a cursed -2 ring of protection (left hand)
   (You found it on level 2 of the Dungeon)
 v - an uncursed ring of flight {+Fly, !d}
   (You found it on level 3 of the Dungeon)
 x - a +5 amulet of reflection (around neck)
   (You found it on level 3 of the Dungeon)
 E - a ring of magical power (right hand) {MP+9}
   (You found it on level 4 of the Dungeon)
 H - an uncursed ring of see invisible {sInv, !d}
   (You found it on level 5 of the Dungeon)
 K - an uncursed ring of protection from magic {MR+, !d}
   (You found it on level 6 of the Dungeon)
 S - an uncursed ring of stealth {unknown}
   (You found it on level 7 of the Dungeon)
Wands
 t - a wand of acid (8/15)
   (You found it on level 3 of the Dungeon)
 C - a wand of lightning (2/15)
   (You found it on level 5 of the Dungeon)
Scrolls
 f - 4 scrolls of magic mapping {unknown}
 g - 6 scrolls of remove curse {unknown}
 i - a scroll of immolation {unknown}
 m - 2 scrolls of identify {unknown}
 p - 8 scrolls of teleportation {unknown}
 r - a scroll of blinking {unknown}
 A - a scroll of enchant weapon {unknown}
 F - a scroll of recharging {unknown}
 I - a scroll of noise {unknown}
 M - a scroll of enchant armour {unknown}
 N - a scroll of fear {unknown}
 P - a scroll of vulnerability {unknown}
Potions
 d - 2 potions of agility {unknown}
 j - 6 potions of curing {unknown}
 k - 2 potions of invisibility {unknown}
 o - 2 potions of cancellation
 s - a potion of lignification {unknown}
 u - 2 potions of haste {unknown}
 z - a potion of flight {unknown}
 B - 2 potions of heal wounds
 J - a potion of brilliance {unknown}
 O - a potion of mutation {unknown}
 Q - a potion of ambrosia
Books
 b - a book of Flames
 G - a book of Callings
   (You found it on level 4 of the Dungeon)
Comestibles
 c - 4 bread rations {@e1@e1}
 l - 5 meat rations {@e2@e2}
 n - 7 fruits


   Skills:
 - Level 2.1 Dodging
 - Level 2.0 Stealth
 - Level 2.0 Spellcasting
 + Level 13.5 Conjurations
 - Level 3.2 Fire Magic


You had 2 spell levels left.
You knew the following spells:

 Your Spells              Type           Power        Failure   Level  Hunger
a - Flame Tongue          Conj/Fire      #####        1%          1    #......
c - Conjure Flame         Conj/Fire      #####...     1%          3    ###....
f - Fireball              Conj/Fire      #####.....   13%         5    ######.


Dungeon Overview and Level Annotations

Branches:
Dungeon (7/15)             Temple (1/1) D:4

Altars:
Ashenzari
Cheibriados
Dithmenos
Elyvilon
Fedhas
Hepliaklqana
Kikubaaqudgha
Nemelex Xobeh
Okawaru
Qazlal
Ru
Sif Muna
Trog
Uskayaw
Xom
Yredelemnul
The Shining One

Annotations:
D:7 Pikel


Innate Abilities, Weirdness & Mutations

You have a beak for a mouth.
You have claws for feet.
You can fly.


Message History

Aim: a giant cockroach (heavily wounded, clinging)
The flame tongue hits the giant cockroach.
You kill the giant cockroach!
Cheibriados appreciates the change of pace.
The orc warrior shouts!
Aim: an orc, wielding a hand axe The flame tongue hits the orc.
The orc closely misses you.
You now have 16/21 mp.
Unknown command.
Aim: an orc, wielding a hand axe (severely wounded)
The flame tongue misses the orc.
The flame tongue hits the orc.
You block the orc's attack.
You now have 15/21 mp.
Unknown command.
Aim: an orc, wielding a hand axe (severely wounded)
The flame tongue hits the orc.
You kill the orc!
Cheibriados appreciates the change of pace.
You now have 14/21 mp.
Aim: an orc, wielding a war axe (almost dead)
The flame tongue hits the orc.
You kill the orc!
Cheibriados appreciates the change of pace.
You are feeling hungry.
You now have 13/21 mp.
The fire ignites!
You block the orc warrior's attack.
You now have 10/21 mp.
Aim: an orc warrior, wielding a glaive and wearing a plate armour The flame tongue hits the orc warrior.
The orc warrior appears unharmed.
You now have 10/21 mp.
Aim: an orc warrior, wielding a glaive and wearing a plate armour The flame tongue misses the orc warrior.
You now have 9/21 mp.
Aim: an orc warrior, wielding a glaive and wearing a plate armour The flame tongue hits the orc warrior.
The orc warrior appears unharmed.
You now have 8/21 mp.
Unknown command.
Aim: an orc warrior, wielding a glaive and wearing a plate armour The flame tongue hits the orc warrior.
You now have 7/21 mp.
Aim: an orc warrior, wielding a glaive and wearing a plate armour (moderately wounded)
The flame tongue hits the orc warrior.
Aim: an orc warrior, wielding a glaive and wearing a plate armour (heavily wounded)
The flame tongue hits the orc warrior.
The orc warrior appears unharmed.
You now have 6/21 mp.
Aim: an orc warrior, wielding a glaive and wearing a plate armour (heavily wounded)
The flame tongue hits the orc warrior.
You now have 5/21 mp.
Aim: an orc warrior, wielding a glaive and wearing a plate armour (almost dead)
The flame tongue hits the orc warrior.
The orc warrior appears unharmed.
You now have 4/21 mp.
Aim: an orc warrior, wielding a glaive and wearing a plate armour (almost dead)
The flame tongue hits the orc warrior.
The orc warrior appears unharmed.
You now have 3/21 mp.
Unknown command.
Aim: an orc warrior, wielding a glaive and wearing a plate armour (almost dead)
The flame tongue hits the orc warrior.
The orc warrior appears unharmed.
You now have 2/21 mp.
Aim: an orc warrior, wielding a glaive and wearing a plate armour (almost dead)
The flame tongue hits the orc warrior.
You kill the orc warrior!
Cheibriados appreciates the change of pace.
Cheibriados raises the support of your attributes as your movement slows.
You start resting.
Pikel the Slaver comes into view.
He is wielding a whip of electrocution.
You regained 4 mp, and now have 6/21 mp.
You see here a stone.
You start resting.
You start resting.
The fire ignites!
Pikel shouts!
You hear a shout! x2
You now have 5/21 mp.
A slave comes into view.
Aim: a slave, wearing an animal skin The flame tongue hits the slave.
You now have 5/21 mp.
Aim: a slave, wearing an animal skin (moderately wounded)
The flame tongue hits the slave.
You now have 4/21 mp.
Aim: a slave, wearing an animal skin (heavily wounded)
The flame tongue hits Pikel.
Pikel is engulfed in blazing flames.
You now have 3/21 mp.
You barely miss Pikel. Your kick misses Pikel.
Pikel hits you with a whip of electrocution.
You are electrocuted!
You take 23 damage, and have 18/41 hp.
MASSIVE DAMAGE!!
Aim: a slave, wearing an animal skin (heavily wounded)
The flame tongue hits Pikel.
Pikel says, "You'll feel the lick of my whip!"
You block Pikel's attack.
You now have 2/21 mp.
Aim: a slave, wearing an animal skin (heavily wounded)
The flame tongue hits Pikel.
Pikel appears unharmed.
Pikel completely misses you.
Aim: a slave, wearing an animal skin (heavily wounded)
The flame tongue hits Pikel.
Pikel hits you with a whip of electrocution.
You are electrocuted!
You die...

K.....>.
....... .K.). .
.... #. ##. #).
.... #.# #..
#)# ##### #.#
#.###.# ##§##
#.#.#####.#.§p#
#§§.#
#.#.......@K###
.§§§§
#.####.....##
#§§.#
#..###....###
##§##
#...##.##...##
##### #.#..#
###..##
#######.##.###
##..#
........##...#
##.#
############.#
#.# #.# #.#


You could see Pikel and a slave.

Vanquished Creatures
  Menkaure (D:6)
  2 orc warriors
  An ogre (D:5)
  2 phantoms (D:4)
  A centaur (D:6)
  2 bullfrogs (D:7)
  3 scorpions
  A howler monkey (D:4)
  3 crimson imps
  2 bullfrog zombies
  An orc wizard (D:7)
  4 iguanas
  A worker ant (D:5)
  3 hound skeletons
  7 adders
  3 gnolls (D:4)
  A howler monkey skeleton (D:5)
  2 oozes (D:3)
  4 worms
  A dart slug (D:3)
  7 leopard geckos
  10 orcs
  4 giant cockroaches
  5 goblins
  3 hobgoblins
  6 jackals
  9 kobolds
  A quokka (D:2)
  2 ball pythons
  5 bats
  8 frilled lizards
  A jackal skeleton (D:5)
  A leopard gecko zombie (D:5)
  17 rats
124 creatures vanquished.

Notes
Turn   | Place    | Note
-------+----------+-------------------------------------------
     0 | D:1      | Gorglomux the Tengu Fire Elementalist began the quest for the Orb.
     0 | D:1      | Reached XP level 1. HP: 10/10 MP: 4/4
   240 | D:1      | Reached skill level 2 in Conjurations
   516 | D:1      | Reached XP level 2. HP: 15/15 MP: 4/6
   825 | D:1      | Reached skill level 3 in Conjurations
   857 | D:2      | HP: 2/15 [rat (3)]
  1005 | D:2      | Reached XP level 3. HP: 15/19 MP: 4/7
  1010 | D:2      | Learned a level 3 spell: Conjure Flame
  1042 | D:2      | Reached skill level 4 in Conjurations
  1220 | D:2      | Gorglomux: !gamesincelastwin
  1220 | D:2      | Gorglomux: !gamessincelastwin
  1259 | D:2      | Gorglomux: !gamesbeforelastwin
  1816 | D:2      | Reached XP level 4. HP: 24/24 MP: 5/8
  1863 | D:2      | Reached skill level 5 in Conjurations
  2047 | D:3      | Found a shimmering altar of Xom.
  2308 | D:3      | Reached skill level 6 in Conjurations
  2452 | D:3      | Gained mutation: You can fly. [Tengu growth]
  2452 | D:3      | Reached XP level 5. HP: 28/28 MP: 6/9
  2867 | D:4      | Reached skill level 7 in Conjurations
  2896 | D:4      | Found a staircase to the Ecumenical Temple.
  2902 | D:4      | Reached XP level 6. HP: 22/32 MP: 5/10
  2909 | Temple   | Entered the Ecumenical Temple
  3224 | D:4      | Reached skill level 8 in Conjurations
  3519 | D:4      | You fall through a shaft!
  3519 | D:5      | Entered Level 5 of the Dungeon
  3610 | D:4      | Noticed a phantom
  3635 | D:4      | HP: 8/32 [phantom (7)]
  3638 | D:4      | Killed a phantom
  3638 | D:4      | Reached skill level 9 in Conjurations
  3638 | D:4      | Reached XP level 7. HP: 10/36 MP: 0/11
  4315 | D:4      | Reached skill level 10 in Conjurations
  4677 | Temple   | Became a worshipper of Cheibriados the Contemplative
  4780 | D:5      | Learned a level 5 spell: Fireball
  4808 | D:5      | Reached skill level 11 in Conjurations
  5134 | D:5      | Reached XP level 8. HP: 41/41 MP: 12/12
  5391 | D:5      | Found a glowing golden altar of the Shining One.
  6207 | D:6      | Noticed Menkaure
  6210 | D:6      | Killed Menkaure
  6210 | D:6      | Reached skill level 12 in Conjurations
  6397 | D:6      | Reached * piety under Cheibriados
  6591 | D:7      | Reached skill level 13 in Conjurations
  6647 | D:7      | HP: 7/41 [orc wizard/magic dart (4)]
  6950 | D:7      | Found a blossoming altar of Fedhas.
  6975 | D:7      | Found a sparkling altar of Nemelex Xobeh.
  7065 | D:7      | Noticed Pikel
  7087 | D:7      | Slain by Pikel

Vault maps used:
D:1:      tarquinn_simple_flora_water_b
D:2:      minmay_rat_gold_closets
D:3:      lemuel_coloured_pillars_altar
D:4:      minmay_temple_entry_water_ring, kennysheep_generic_room_10
D:5:      kennysheep_mini_moat, first_bread
D:6:      uniq_menkaure
D:7:      kennysheep_little_box, nemelex_altar_shiori, lemuel_doored_altar,
          uniq_pikel
Temple:   nicolae_temple_figure_eight

Skill      XL: |  1  2  3  4  5  6  7  8 |
---------------+-------------------------+-----
Conjurations   | 2 3 4 6 7 9 11 13 | 13.5
Dodging        | |  2.1
Stealth        | |  2.0
Spellcasting   | |  2.0
Fire Magic     | |  3.2

Action                   |  1- 3 |  4- 6 |  7- 9 || total
-------------------------+-------+-------+-------++-------
Melee: Whip              |     7 |    13 |       ||    20
       Kick              |       |     7 |    10 ||    17
       Peck              |       |     6 |     7 ||    13
       Hand axe          |       |    15 |    44 ||    59
 Cast: Flame Tongue      |    65 |    97 |   136 ||   298
       Conjure Flame     |       |       |     8 ||     8
       Fireball          |       |       |     8 ||     8
Evoke: Wand              |       |       |     1 ||     1
  Use: Potion            |     3 |       |       ||     3
 Stab: Sleeping          |       |     2 |       ||     2
  Eat: Chunk             |     4 |     4 |    11 ||    19
       Meat ration       |       |     1 |       ||     1
       Fruit             |       |       |     3 ||     3
Armor: Robe              |     4 |     5 |    12 ||    21
Dodge: Dodged            |    35 |    26 |    47 ||   108
Block: Other             |       |    12 |    21 ||    33
       Reflection        |       |     1 |       ||     1

Vault maps used:
D:1:      tarquinn_simple_flora_water_b
D:2:      minmay_rat_gold_closets
D:3:      lemuel_coloured_pillars_altar
D:4:      minmay_temple_entry_water_ring, kennysheep_generic_room_10
D:5:      kennysheep_mini_moat, first_bread
D:6:      uniq_menkaure
D:7:      kennysheep_little_box, nemelex_altar_shiori, lemuel_doored_altar,
          uniq_pikel
Temple:   nicolae_temple_figure_eight

Table legend:
 A = Turns spent in this place as a percentage of turns spent in the entire game.
 B = Non-inter-level travel turns spent in this place as a percentage of non-inter-level travel turns spent in the entire game.
 C = Inter-level travel turns spent in this place as a percentage of turns spent in this place.
 D = Turns resting spent in this place as a percentage of non-inter-level travel turns spent in this place.
 E = Turns spent auto-exploring this place as a percentage of non-inter-level travel turns spent in this place.
 F = Non-inter-level travel turns spent in this place divided by the number of levels of this place that you've seen.
                   A       B       C       D       E      F
               +-------+-------+-------+-------+-------+----------------------
         Total | 100.0 | 100.0 |   0.6 |   4.7 |  10.6 | 249.5
       Dungeon |  98.0 |  98.0 |   0.5 |   4.7 |   9.2 | 279.6
        Temple |   2.0 |   2.0 |   4.9 |   5.1 |  76.9 |  39.0
               +-------+-------+-------+-------+-------+----------------------

Table legend:
 A = Kills in this place as a percentage of kills in entire the game.
 B = Kills by you in this place as a percentage of kills by you in the entire game.
 C = Kills by friends in this place as a percentage of kills by friends in the entire game.
 D = Other kills in this place as a percentage of other kills in the entire game.
 E = Experience gained in this place as a percentage of experience gained in the entire game.
 F = Experience gained in this place divided by the number of levels of this place that you have seen.
                   A       B       C       D       E      F
               +-------+-------+-------+-------+-------+----------------------
         Total | 100.0 | 100.0 |  -nan |  -nan | 100.0 | 280.4
       Dungeon | 100.0 | 100.0 |  -nan |  -nan | 100.0 | 320.4
               +-------+-------+-------+-------+-------+----------------------
